 Dungeon Crawl Stone Soup version 0.27-a0-1200-g94dc6ad (webtiles) character file.

Game seed: 2986185770193578024

7 Meow the Stinger (level 2, 22/22 HPs)
             Began as a Naga Venom Mage on June 1, 2021.
             Quit the game on level 1 of the Dungeon.
             The game lasted 00:01:09 (357 turns).

Meow the Stinger (Naga Venom Mage)                   Turns: 357, Time: 00:01:09

Health: 22/22      AC:  1    Str: 10    XL:     2   Next: 0%
Magic:  5/5        EV:  9    Int: 15    God:
Gold:   0          SH:  0    Dex: 11    Spells: 4/5 levels left

rFire    . . .     SeeInvis +   a - +0 short sword
rCold    . . .     Faith    .   (no shield)
rNeg     . . .     Spirit   .   c - +0 robe
rPois    +         Reflect  .   (no helmet)
rElec    .         Harm     .   (no cloak)
rCorr    .         Rampage  .   (no gloves)
Will     .....                  (no barding)
Stlth    ++........             (no amulet)
HPRegen  0.07/turn              (no ring)
MPRegen  0.09/turn              (no ring)

@: very slow
A: AC +0, large, see invisible, deformed body, poison resistance, slowness 2,
spit poison 1, naga tail 1
a: Spit Poison


You were on level 1 of the Dungeon.
You visited 1 branch of the dungeon, and saw 1 of its levels.

Inventory:

Hand Weapons
 a - a +0 short sword (weapon)
Missiles
 d - 5 stones (quivered)
Armour
 c - a +0 robe (worn)
Potions
 b - a potion of degeneration {unknown}


   Skills:
 + Level 1.6 Dodging
 + Level 3.2 Stealth
 + Level 2.0 Spellcasting
 + Level 1.1 Transmutations
 + Level 4.3 Poison Magic


You had 4 spell levels left.
You knew the following spells:

 Your Spells              Type           Power      Damage    Failure   Level
a - Sting                 Tmut/Pois      36%        1d4       8%          1

Your spell library contained the following spells:

 Spells                   Type           Power      Damage    Failure   Level
 Poisonous Vapours        Pois/Air       16%        N/A       14%         2
 Ignite Poison            Fire/Tmut/Pois 6%         N/A       32%         3
 Mephitic Cloud           Conj/Pois/Air  5%         N/A       36%         3
 Olgreb's Toxic Radiance  Pois           14%        N/A       36%         4


Dungeon Overview and Level Annotations

Branches:
Dungeon (1/15)

Altars:


Innate Abilities, Weirdness & Mutations

Your serpentine skin is tough. (AC +0)
You have supernaturally acute eyesight. (SInv)
Armour fits poorly on your strangely shaped body.
Your system is resistant to poisons. (rPois)
You cover ground very slowly.
You can spit poison.
You have a snake-like lower body.


Message History

Aim: a bat The splash of poison misses the bat.
Casting: Sting (safe; 8% risk of failure)
Confirm with . or Enter, or press ? or * to list all spells.
Aiming: Sting (safe; 8% risk of failure)
Press: ? - help, Shift-Dir - straight line, f/p - bat
Aim: a bat (52% to hit)
The sting hits the bat.
The bat is poisoned.
The bat is heavily wounded.
The bat closely misses you.
Casting: Sting (safe; 8% risk of failure)
Confirm with . or Enter, or press ? or * to list all spells.
Aiming: Sting (safe; 8% risk of failure)
Press: ? - help, Shift-Dir - straight line, f/p - bat
Aim: a bat (heavily wounded, poisoned, 52% to hit)
The sting hits the bat.
The bat looks even sicker.
You kill the bat!
You have got your breath back.
Unknown command.
You start resting.
Magic restored.
You start waiting.
Done waiting.
d - 5 stones (gained 1)
A rat comes into view.
A rat is nearby!
A rat is nearby!
A rat is nearby!
Press: ? - help, Shift-Dir - straight line, f - rat
Aim: a rat (asleep)
You fail to use your ability.
Press: ? - help, Shift-Dir - straight line, f/p - rat
Aim: a rat (asleep)
The splash of poison hits the rat.
The rat is poisoned.
You kill the rat!
You have reached level 2!
You start waiting.
You have got your breath back.
Found a stone staircase leading down.
Are you sure you want to abandon this character and quit the game? (Confirm with "yes".)

###..# ##.##
#..# ##.#
#.### #...#
>########
###.##
........##
#..## #@.#
##..# ##.###
##.###
#...####...##
###....###..#
####......#
######.# ###


There were no monsters in sight!

Vanquished Creatures
  2 quokkas (D:1)
  2 bats (D:1)
  2 kobolds (D:1)
  A rat (D:1)
7 creatures vanquished.

Notes
Turn   | Place    | Note
-------+----------+-------------------------------------------
     0 | D:1      | Meow the Naga Venom Mage began the quest for the Orb.
     0 | D:1      | Reached XP level 1. HP: 15/15 MP: 3/3
   348 | D:1      | Reached XP level 2. HP: 22/22 MP: 5/5
   357 | D:1      | Quit the game

Illustrated notes

Levels and vault maps discovered:
D:1:      saegor_arrival_simple_b, layout_rooms

Action                   || total
-------------------------++-------
Throw: Stone             ||     1
 Cast: Sting             ||     4
 Abil: Spit Poison       ||     8
Dodge: Dodged            ||     1

Table legend: (Time is in decaauts)
 A = Elapsed time spent in this place.
 B = Non-inter-level travel time spent in this place.
 C = Inter-level travel time spent in this place.
 D = Time resting spent in this place.
 E = Time spent auto-exploring this place.
 F = Levels seen in this place.
 G = Mean time per level.
                   A        B        C        D        E       F      G
               +--------+--------+--------+--------+--------+-----+--------+
         Total |    428 |    428 |      0 |    159 |     36 |   1 |  428.0 |
       Dungeon |    428 |    428 |      0 |    159 |     36 |   1 |  428.0 |
               +--------+--------+--------+--------+--------+-----+--------+

Top non-repeatable levels by time:
     D:1: 428 daAuts
